 Dungeon Crawl Stone Soup version 0.19-b1-3-g7dea586 (webtiles) character file.

3107 Ladykiller69 the Carver (level 10, -5/70 (71) HPs)
             Began as a Formicid Fighter on Oct 29, 2016.
             Was a Believer of Cheibriados.
             Slain by an orc warrior
             ... wielding a +0 dire flail
              (14 damage)
             ... on level 8 of the Dungeon.
             The game lasted 00:23:06 (6545 turns).

Ladykiller69 the Carver (Formicid Fighter)          Turns: 6545, Time: 00:23:07

HP:   -5/70 (71)    AC: 17    Str: 29    XL:     10   Next: 13%
MP:   10/10         EV:  5    Int: 11    God:    Cheibriados [**....]
Gold: 531           SH: 19    Dex: 14    Spells: 0 memorised, 9 levels left

rFire  + . .     SeeInvis +     c - +0 falchion
rCold  + . .     Gourm    .     e - +0 plate armour
rNeg   . . .     Faith    .     s - +0 large shield
rPois  +         Spirit   .     (helmet unavailable)
rElec  +         Reflect  .     C - +2 cloak
rCorr  +         Harm     .     u - +1 pair of gloves
MR     +....                    (no boots)
Stlth  ..........               (no amulet)
                                (no ring)
                                R - ring of teleportation (curse)

@: resistant, very slow
A: permanent stasis, dig shafts and tunnels, four strong arms, antennae 3
a: Dig, Shaft Self, Bend Time, Renounce Religion


You were on level 8 of the Dungeon.
You worshipped Cheibriados.
Cheibriados was pleased with you.
You were not hungry.

You visited 2 branches of the dungeon, and saw 9 of its levels.

You collected 594 gold pieces.
You spent 63 gold pieces at shops.

Inventory:

Hand Weapons
 a - a +0 long sword
 c - a +0 falchion (weapon)
 H - a +2 dire flail of holy wrath
Missiles
 g - 120 stones
 k - 5 tomahawks
 z - 2 throwing nets
 E - 6 javelins (quivered)
Armour
 e - a +0 plate armour (worn)
 s - a +0 large shield (worn)
 u - a +1 pair of gloves (worn)
 C - a +2 cloak (worn)
 Q - the +1 robe of Brilliance {rPois rN+ Str+5 Int-2, unknown}
   (You found it on level 7 of the Dungeon)

   It affects your strength (+5).
   It affects your intelligence (-2).
   It protects you from poison.
   It protects you from negative energy.
Jewellery
 R - a cursed ring of teleportation (left hand)
Wands
 p - a wand of paralysis (5/24)
 D - a wand of lightning (6/15)
 G - a wand of digging (2/24)
 T - a wand of iceblast (11/15)
Scrolls
 j - 9 scrolls of identify
 l - 4 scrolls of remove curse {unknown}
 o - 3 scrolls of teleportation {unknown}
 v - 2 scrolls of fog {unknown}
 x - a scroll of amnesia {unknown}
 y - a scroll of random uselessness {unknown}
 A - a scroll of enchant armour {unknown}
 B - a scroll of blinking {unknown}
 I - a scroll of silence {unknown}
 K - a scroll of brand weapon {unknown}
 M - a scroll of immolation {unknown}
 N - a scroll of enchant weapon {unknown}
 P - 2 scrolls of noise {unknown}
 S - a scroll of recharging {unknown}
Potions
 d - a potion of might
 m - a potion of agility {unknown}
 q - a potion of resistance
 r - 2 potions of flight
 F - a potion of curing {unknown}
 J - a potion of lignification {unknown}
 L - 2 potions of heal wounds {unknown}
 O - 2 potions of haste {unknown}
 U - a potion of brilliance {unknown}
Books
 t - a book of Minor Magic

   Spells                             Type                      Level
   a - Magic Dart                     Conjuration                  1
   b - Blink                          Translocation                2
   c - Call Imp                       Summoning                    2
   d - Repel Missiles                 Charms/Air                   2
   e - Slow                           Hexes                        2
   f - Conjure Flame                  Conjuration/Fire             3
   g - Mephitic Cloud                 Conjuration/Poison/Air       3
Comestibles
 b - 2 chunks of flesh
 f - 7 bread rations
 h - a beef jerky
 n - 5 meat rations
 w - 4 fruits


   Skills:
 - Level 4.0 Fighting
 * Level 10.9 Long Blades
 - Level 4.0 Armour
 + Level 9.6 Shields


You had 9 spell levels left.
You didn't know any spells.

Dungeon Overview and Level Annotations

Branches:
Dungeon (8/15)             Temple (1/1) D:5
   Lair: D:8-11

Altars:
Ashenzari
Cheibriados
Dithmenos
Elyvilon
Hepliaklqana
Makhleb
Qazlal
Uskayaw
Vehumet
Xom

Shops:
D:7 *

Annotations:
D:2 1 runed door
D:3 2 exclusions, Blork the orc; Stil's ghost, amateur HEAM
D:4 appiemonkey's ghost, amateur MiFi
D:6 exclusion: 2 doors
D:8 4 runed doors hidin fokin death yaks


Innate Abilities, Weirdness & Mutations

You are under a permanent stasis effect.
You can dig through walls and to a lower floor.
Your four strong arms can wield two-handed weapons with a shield.
You have a pair of large antennae on your head. (SInv)


Message History

You closely miss the orc.
The orc is moderately wounded.
You hit the orc.
You kill the orc!
Cheibriados appreciates the change of pace.
An orc warrior comes into view. It is wielding a dire flail.
You block the orc's attack. The orc barely misses you.
Items here: )) [[[ †† You hit the orc.
The orc is moderately wounded.
You block the orc's attack.
An orc comes into view. It is wielding a mace.
You barely miss the orc warrior.
The orc shouts!
The orc warrior hits you with a dire flail!
* * * LOW HITPOINT WARNING * * *
Are you sure you want to shaft yourself?
You feel quite a bit more hungry.
The orc warrior hits you with a dire flail!
You die...

.### .....#### #.
## ..#{.o..# ... #.
.. ###.####
.#..#.#.# #..oo@.#
....#... #.#.##.#
........ {#...##.#
#......##########.#
#...#.....##.....#
#....<..#.##.#...#
#.....#.#.##.....#
#.....#.#.####[###
##....#.#.####.#


You could see an orc warrior and 2 orcs.

Vanquished Creatures
  Joseph (D:8)
  A hippogriff (D:7)
  A hungry ghost (D:7)
  Edmund (D:5)
  2 orc warriors (D:8)
  An ice beast (D:6)
  A phantom (D:6)
  A necrophage (D:5)
  2 ogres (D:7)
  4 centaurs
  A big kobold (D:7)
  A bullfrog (D:6)
  2 scorpions
  3 wights (D:7)
  4 howler monkeys
  2 crimson imps
  2 jellies (D:6)
  A bullfrog zombie (D:3)
  7 orc wizards
  2 hounds
  A bullfrog skeleton (D:5)
  2 orc priests
  2 iguanas
  3 worker ants
  A hound skeleton (D:8)
  A worker ant zombie (D:5)
  3 gnolls (D:6)
  8 adders
  4 shadow imps
  3 oozes
  An adder skeleton (D:7)
  2 worms
  2 dart slugs
  3 leopard geckos
  23 orcs
  2 ball pythons
  7 bats
  9 giant cockroaches
  5 goblins
  6 hobgoblins
  6 jackals
  19 kobolds
  5 quokkas
  3 frilled lizards
  A leopard gecko skeleton (D:4)
  A quokka skeleton (D:4)
  9 rats
172 creatures vanquished.

Notes
Turn   | Place    | Note
-------+----------+-------------------------------------------
     0 | D:1      | Ladykiller69 the Formicid Fighter began the quest for the Orb.
     0 | D:1      | Reached XP level 1. HP: 18/18 MP: 1/1
   150 | D:1      | Reached XP level 2. HP: 23/24 MP: 2/2
   280 | D:1      | Reached XP level 3. HP: 24/29 MP: 3/3
   684 | D:2      | Reached skill level 3 in Long Blades
   951 | D:2      | Reached XP level 4. HP: 34/35 MP: 4/4
  1252 | D:2      | Found a runed door.
  1523 | D:3      | Noticed Blork the orc
  1587 | D:3      | Noticed Stil's ghost (amateur HEAM)
  1833 | D:3      | Reached XP level 5. HP: 39/42 MP: 5/5
  2103 | D:3      | Reached skill level 4 in Long Blades
  2767 | D:4      | Reached XP level 6. HP: 42/48 MP: 6/6
  2980 | D:4      | Reached skill level 5 in Long Blades
  2991 | D:4      | Reached skill level 5 in Shields
  3049 | D:4      | Reached XP level 7. HP: 45/54 MP: 7/7
  3283 | D:4      | Noticed appiemonkey's ghost (amateur MiFi)
  3502 | D:5      | Entered Level 5 of the Dungeon
  3552 | D:5      | Reached skill level 6 in Long Blades
  3628 | D:5      | Noticed Edmund
  3907 | D:5      | Reached XP level 8. HP: 44/59 MP: 8/8
  3950 | D:5      | Killed Edmund
  3950 | D:5      | Reached skill level 7 in Long Blades
  4252 | D:5      | Found a staircase to the Ecumenical Temple.
  4272 | Temple   | Entered the Ecumenical Temple
  4333 | Temple   | Became a worshipper of Cheibriados the Contemplative
  4743 | D:6      | Reached skill level 8 in Long Blades
  4819 | D:6      | Noticed a yak
  4820 | D:6      | Noticed a yak
  4820 | D:6      | Noticed a yak
  5157 | D:6      | Reached XP level 9. HP: 64/64 MP: 9/9
  5415 | D:7      | Reached * piety under Cheibriados
  5521 | D:7      | Reached skill level 9 in Long Blades
  5586 | D:7      | Got a smoking robe
  5726 | D:7      | Found Axke's Assorted Antiques.
  5730 | D:7      | Bought a scroll labeled JOBERU ZO GOB for 23 gold pieces
  5730 | D:7      | Bought an amethyst potion for 20 gold pieces
  5730 | D:7      | Bought a bubbling purple potion for 20 gold pieces
  5973 | D:7      | Noticed a hippogriff
  5985 | D:7      | Killed a hippogriff
  6006 | D:7      | Reached skill level 10 in Long Blades
  6171 | D:8      | Found a huge runed gate.
  6182 | D:8      | Found a huge runed gate.
  6183 | D:8      | Found a huge runed gate.
  6183 | D:8      | Noticed a polar bear
  6184 | D:8      | Found a huge runed gate.
  6184 | D:8      | Noticed a polar bear
  6185 | D:8      | Noticed a hippogriff
  6185 | D:8      | Noticed a death yak
  6185 | D:8      | Noticed a polar bear
  6185 | D:8      | Noticed a polar bear
  6186 | D:8      | Noticed a hippogriff
  6229 | D:8      | Noticed Joseph
  6229 | D:8      | Noticed a hippogriff
  6349 | D:8      | Found a shimmering altar of Xom.
  6371 | D:8      | Reached ** piety under Cheibriados
  6407 | D:8      | Killed Joseph
  6407 | D:8      | Reached XP level 10. HP: 24/70 MP: 10/10
  6545 | D:8      | Slain by an orc warrior

Skill      XL: |  1  2  3  4  5  6  7  8  9 |
---------------+----------------------------+-----
Long Blades    | 3 4 5 6 8 10 | 10.9
Shields        | 4 5 6 7 9 |  9.6
Armour         | 4 |  4.0
Fighting       | 4 |  4.0

Action                   |  1- 3 |  4- 6 |  7- 9 | 10-12 || total
-------------------------+-------+-------+-------+-------++-------
Melee: Long sword        |   112 |   237 |   461 |       ||   810
       Falchion          |       |       |   103 |    39 ||   142
Throw: Javelin           |       |       |     2 |       ||     2
 Abil: Dig               |       |     4 |    10 |       ||    14
       Shaft Self        |       |       |       |     1 ||     1
  Use: Potion            |       |       |     2 |     2 ||     4
       Scroll            |       |       |     1 |       ||     1
  Eat: Chunk             |       |     8 |    17 |       ||    25
       Beef jerky        |       |       |     1 |       ||     1
Armor: Plate armour      |    54 |   120 |   175 |     3 ||   352
       Scale mail        |     1 |       |       |       ||     1
Dodge: Dodged            |    24 |    15 |    39 |     2 ||    80
Block: Shield            |    54 |    45 |       |       ||    99
       Large shield      |       |   120 |   425 |    25 ||   570
       Rpst.: Long sword |    10 |     5 |    13 |       ||    28
       Falchion          |       |       |     3 |       ||     3
